 Dungeon Crawl Stone Soup version 0.13-a0-2960-g2f00e6d (console) character file.

69689 Kellhus the Destroyer (level 15, 84/89 HPs)
             Began as an Octopode Wizard on Sept 5, 2013.
             Was the Champion of Vehumet.
             Quit the game on Level 13 of the Dungeon on Sept 6, 2013.
             The game lasted 01:30:03 (36158 turns).

Kellhus the Destroyer (Octopode Wizard)            Turns: 36158, Time: 01:30:03

HP  84/89        AC  4     Str 13      XL: 15   Next: 20%
MP  51/51        EV 15     Int 31      God: Vehumet [******]
Gold 3148        SH  0     Dex 11      Spells: 10 memorised,  7 levels left

Res.Fire  : . . .   See Invis. : .   f - staff of power
Res.Cold  : + . .   Warding    : .   (no shield)
Life Prot.: . . .   Conserve   : .   w - +1 wizard hat of the Valley {rPois}
Res.Poison: +       Res.Corr.  : .   U - amulet of the gourmand
Res.Elec. : .       Clarity    : .   l - +5 ring of strength
Sust.Abil.: . .     Spirit.Shd : .   N - +2 ring of protection
Res.Mut.  : .       Stasis     : .   V - ring of protection from magic
Res.Rott. : .       Flight     : .   o - ring of sustenance
Gourmand  : +                        J - ring of protection from cold
                                     x - +4 ring of intelligence
                                     M - +2 ring of strength
                                     j - ring of wizardry

@: quite resistant to hostile enchantments, quite stealthy
A: almost no armour, amphibious, 8 rings, constrict 8, camouflage 1, AC +1
a: Renounce Religion


You were on level 13 of the Dungeon.
You worshipped Vehumet.
Vehumet was exalted by your worship.
You were very full.

You visited 3 branches of the dungeon, and saw 25 of its levels.
You also visited: Labyrinth.

You collected 3176 gold pieces.
You spent 48 gold pieces at shops.

Inventory:

Hand weapons
 a - a +1,+2 orcish flail of protection
 O - a +0,+0 short sword of draining
 X - a +5 blowgun
Missiles
 T - 9 curare-tipped needles
Armour
 w - the +1 wizard hat of the Valley (worn) {rPois}
   (You acquired it in a labyrinth)

   It protects you from poison.
Magical devices
 c - a wand of frost (14) {unknown}
 i - a wand of digging (4)
 m - a wand of cold (7)
 u - a wand of disintegration (10)
 E - a wand of teleportation (6)
 K - a wand of teleportation (7)
 P - a wand of digging (4)
 Y - a wand of random effects (14) {unknown}
Comestibles
 d - 5 bread rations
 k - 3 pears
 s - 4 meat rations
 C - a banana
 I - 6 apples
 S - 3 sausages
Scrolls
 n - 4 scrolls of remove curse
 q - 2 scrolls of fear
 r - 9 scrolls of teleportation
 v - 2 scrolls of fog
 y - a scroll of magic mapping
 H - 2 scrolls of identify
 Z - a scroll of blinking
Jewellery
 h - an uncursed amulet of clarity
 j - a ring of wizardry (on tentacle)
 l - a +5 ring of strength (left tentacle)
 o - a ring of sustenance (on tentacle)
 p - an uncursed ring of positive energy
 x - a +4 ring of intelligence (on tentacle)
 F - an uncursed ring of teleportation
 J - a ring of protection from cold (on tentacle)
 M - a +2 ring of strength (on tentacle)
 N - a +2 ring of protection (right tentacle)
 Q - an uncursed ring of poison resistance
 U - an amulet of the gourmand (around mantle)
 V - a ring of protection from magic (on tentacle)
Potions
 e - 2 potions of brilliance
 g - a potion of flight
 t - 2 potions of resistance
 z - a potion of might
 A - 3 potions of heal wounds
 B - 8 potions of curing
 D - 4 potions of invisibility
 G - 3 potions of agility
 W - a potion of magic
Books
 L - a book of Annihilations

   Spells                             Type                      Level
   *Poison Arrow                      Conjuration/Poison           6
   Orb of Destruction                 Conjuration                  7
   Chain Lightning                    Conjuration/Air              8
   Lehudib's Crystal Spear            Conjuration/Earth            8
   Ice Storm                          Conjuration/Ice              9
   Fire Storm                         Conjuration/Fire             9
Magical staves
 b - an uncursed staff of poison
 f - an uncursed staff of power (weapon)
 R - an uncursed staff of wizardry


   Skills:
 - Level 6.3 Fighting
 - Level 6.7 Dodging
 - Level 2.6 Stealth
 - Level 12.0 Spellcasting
 - Level 15.0 Conjurations
   Level 1.0 Summonings
 - Level 1.0 Translocations
 + Level 12.4 Fire Magic
 - Level 6.0 Earth Magic
 - Level 7.0 Poison Magic


You had 7 spell levels left.
You knew the following spells:

 Your Spells              Type           Power        Failure   Level  Hunger
a - Stone Arrow           Conj/Erth      ######       1%          3    None
b - Sticky Flame          Conj/Fire      #######.     1%          4    None
c - Venom Bolt            Conj/Pois      ######....   1%          5    None
d - Fireball              Conj/Fire      #######...   1%          5    None
e - Sting                 Conj/Pois      ####         1%          1    None
l - Blink                 Tloc           N/A          1%          2    None
p - Poison Arrow          Conj/Pois      ######....   1%          6    ####...
r - Repel Missiles        Chrm/Air       ###.......   1%          2    None
s - Swiftness             Chrm/Air       ###.......   1%          2    None
A - Apportation           Tloc           ###.......   1%          1    None


Dungeon Overview and Level Annotations

Branches:
Dungeon (13/27)            Temple (0/1) D:6             Orc (4/4) D:11
    Elf (0/3) Orc:4          Lair (8/8) D:8           Swamp (0/5) Lair:3
  Snake (0/5) Lair:4        Slime (0/6) Lair:7

Altars:
Cheibriados
Fedhas
Kikubaaqudgha
Makhleb
Okawaru
Sif Muna
Trog
Vehumet
Xom
Zin
the Shining One

Shops:
D:4 ?   D:10 %   Orc:4 *!((


Innate Abilities, Weirdness & Mutations

You cannot wear most types of armour.
You are amphibious.
You can wear up to eight rings at the same time.
You can use your tentacles to constrict many enemies at once.
Your skin changes colour to match your surroundings (Stlth).
Your rubbery body absorbs attacks (AC +1).


Message History

Okay, then.
You hit it but do no damage.
A shadow appears from thin air!
Reactivating autopickup.
The shadow hits you! The shadow closely misses you.
Casting: Stone Arrow
Confirm with . or Enter, or press ? or * to list all spells.
Aiming: Stone Arrow
Press: ? - help, Shift-Dir - straight line, f/p - shadow
Aim: a shadow (heavily damaged)
The stone arrow hits the shadow.
You destroy the shadow!
Vehumet accepts your kill.
You feel your power returning.
You start resting.
Magic restored.
Save game and exit?
Welcome back, Kellhus the Octopode Wizard.
Vehumet says: Let it end in hellfire!
Press ? for a list of commands and other information.
Are you sure you want to abandon this character and quit the game? (Confirm with "yes".)

#(.# . ...# #.#
##########..# #.#
#........#.[# #.#
#........#..# #.#
#........#..# #.#
#........#..######.#
..#####'####.........#
................@.....#
..............%.....%#
...%.........#######.#
############.# #.# #.#
#)# #.# #.#
####.#######.#
.............#
#########....#


There were no monsters in sight!

Vanquished Creatures
  Rupert (Lair:4)
  A minotaur (Lab)
  Fannar (Orc:2)
  5 hydras
  Josephine (Orc:3)
  Erica (Orc:4)
  4 ogre magi (Orc:4)
  16 death yaks
  A naga warrior (Lair:4)
  3 catoblepae (Lair:8)
  Erolcha (D:8)
  The ghost of 4tharraofdagon the Cleaver, an experienced DjBe of Trog (D:11)
  A swamp dragon (Lair:3)
  2 hill giants (D:11)
  An orc knight (Orc:3)
  2 griffons
  2 cyclopes (D:11)
  3 elephants (Lair:7)
  8 spiny frogs
  2 black mambas (Lair:3)
  A queen ant (Lair:5)
  10 komodo dragons
  2 polar bears
  12 two-headed ogres
  4 trolls
  Sonja (Orc:4)
  The ghost of foonesh the Cruncher, an average MiGl (D:5)
  5 fire drakes
  A dragon zombie (D:12)
  A baby alligator (Lair:3)
  18 blink frogs
  A grizzly bear (Lair:5)
  A trapdoor spider (D:12)
  6 ugly things (D:13)
  2 basilisks
  A hill giant zombie (D:12)
  14 yaks
  A shadow (D:13)
  5 elephant slugs
  Grum (D:12)
  2 manticores (D:12)
  6 hippogriffs
  3 hungry ghosts
  Edmund (D:7)
  6 soldier ants (Lair:5)
  7 wolves
  10 porcupines
  4 phantoms
  A swamp drake (D:11)
  4 ice beasts
  4 nagas (Lair:4)
  22 orc warriors
  A black bear (D:9)
  3 centaurs
  A sky beast (D:5)
  A boring beetle (Lair:4)
  8 crocodiles
  33 ogres
  Sigmund (D:3)
  23 giant frogs
  5 giant slugs
  A warg (Orc:3)
  5 water moccasins
  A big kobold (D:10)
  Blork the orc (D:9)
  A manticore zombie (D:12)
  11 agate snails
  A hippogriff zombie (D:8)
  4 killer bees (D:11)
  A hippogriff skeleton (D:12)
  5 goliath beetles
  6 crimson imps
  6 hounds
  A jelly (D:7)
  A quasit (D:11)
  3 giant frog skeletons
  A black bear skeleton (D:8)
  20 orc priests
  34 orc wizards
  11 scorpions
  32 worker ants
  14 iguanas
  5 sheep
  An ogre skeleton (D:5)
  A big kobold skeleton (D:11)
  A worker ant zombie (D:10)
  27 adders
  50 green rats
  A worm zombie (D:3)
  2 giant centipedes
  An inept item mimic (D:5)
  3 giant mites
  12 worms
  2 adder skeletons
  A giant eyeball (D:6)
  191 orcs
  3 ball pythons
  A bat skeleton (D:5)
  21 goblins
  17 hobgoblins
  11 jackals
  21 bats
  2 giant cockroaches
  13 giant geckos
  5 giant newts
  2 giant spores
  A goblin zombie (Orc:3)
  18 kobolds
  An orc simulacrum (Orc:3)
  An orc skeleton (Orc:3)
  3 orc zombies (Orc:3)
  9 quokkas
  22 rats
  4 ballistomycetes
  A bush (Lair:5)
  A plant (Lair:5)
906 creatures vanquished.

Vanquished Creatures (others)
  A mottled dragon (D:12)
  A giant frog (D:12)
  A giant spore (D:12)
  A fungus (Lair:7)
  A plant (Lair:8)
5 creatures vanquished.

Grand Total: 911 creatures vanquished

Notes
Turn   | Place    | Note
--------------------------------------------------------------
     0 | D:1      | Kellhus, the Octopode Wizard, began the quest for the Orb.
     0 | D:1      | Reached XP level 1. HP: 9/9 MP: 5/5
   338 | D:1      | Reached XP level 2. HP: 15/15 MP: 4/7
   953 | D:2      | Reached XP level 3. HP: 2/19 MP: 0/9
  1282 | D:2      | Found a radiant altar of Vehumet.
  1293 | D:2      | Became a worshipper of Vehumet
  1655 | D:2      | Reached XP level 4. HP: 25/25 MP: 11/11
  2196 | D:3      | Noticed Sigmund
  2226 | D:2      | Learned a level 3 spell: Mephitic Cloud
  2238 | D:3      | Killed Sigmund
  2238 | D:3      | Reached skill level 4 in Conjurations
  2238 | D:3      | Reached XP level 5. HP: 29/29 MP: 1/12
  2451 | D:3      | Reached skill level 5 in Conjurations
  2946 | D:3      | Found a burning altar of Makhleb.
  2948 | D:3      | Noticed a blizzard demon
  2950 | D:3      | Acquired Vehumet's first power
  2950 | D:3      | Offered knowledge of Sting by Vehumet.
  2955 | D:3      | Learned a level 1 spell: Sting
  2958 | D:3      | Found a glowing silver altar of Zin.
  2958 | D:3      | Noticed an angel
  3006 | D:3      | Learned a level 3 spell: Conjure Flame
  4046 | D:2      | Reached XP level 6. HP: 35/35 MP: 4/14
  4195 | D:4      | Reached skill level 6 in Conjurations
  4229 | D:4      | Reached skill level 1 in Poison Magic
  4341 | D:4      | Found Thrucol's Magic Scroll Emporium.
  4607 | D:4      | Reached XP level 7. HP: 22/39 MP: 4/17
  4913 | D:4      | Found a glowing golden altar of the Shining One.
  4952 | D:4      | Offered knowledge of Searing Ray by Vehumet.
  5065 | D:4      | Found an ancient bone altar of Kikubaaqudgha.
  5800 | D:5      | Entered Level 5 of the Dungeon
  5820 | D:5      | Reached skill level 5 in Spellcasting
  5878 | D:5      | Reached XP level 8. HP: 45/45 MP: 1/21
  6201 | D:5      | Offered knowledge of Stone Arrow by Vehumet.
  6206 | D:5      | Learned a level 3 spell: Stone Arrow
  6549 | D:5      | Reached skill level 7 in Conjurations
  6565 | D:5      | Found an iron altar of Okawaru.
  6581 | D:5      | Noticed foonesh's ghost (average MiGl)
  6813 | D:5      | Learned a level 2 spell: Blink
  6816 | D:5      | Learned a level 2 spell: Repel Missiles
  6868 | D:5      | Acquired Vehumet's second power
  6955 | D:5      | Killed foonesh's ghost
  6955 | D:5      | Reached skill level 8 in Conjurations
  7353 | D:6      | Found a bloodstained altar of Trog.
  7370 | D:6      | Reached skill level 9 in Conjurations
  7370 | D:6      | Reached XP level 9. HP: 49/49 MP: 12/22
  7454 | D:6      | Reached skill level 1 in Earth Magic
  7542 | D:6      | Found a staircase to the Ecumenical Temple.
  7699 | D:6      | Offered knowledge of Static Discharge by Vehumet.
  7895 | D:6      | Found a snail-covered altar of Cheibriados.
  8666 | D:7      | Reached skill level 5 in Earth Magic
  8853 | D:7      | Noticed Edmund
  8887 | D:7      | Killed Edmund
  9054 | D:7      | Found a blossoming altar of Fedhas.
  9059 | D:7      | Acquired Vehumet's third power
  9494 | D:8      | Offered knowledge of Iskenderun's Battlesphere by Vehumet.
  9682 | D:8      | Noticed Erolcha
  9688 | D:8      | Killed Erolcha
  9688 | D:8      | Reached XP level 10. HP: 39/54 MP: 9/26
  9952 | D:8      | Found a staircase to the Lair.
 10726 | D:8      | Reached skill level 10 in Conjurations
 11436 | D:8      | Found a deep blue altar of Sif Muna.
 11471 | Lair:1   | Entered Level 1 of the Lair of Beasts
 11511 | Lair:1   | Offered knowledge of Sticky Flame by Vehumet.
 11517 | Lair:1   | Learned a level 4 spell: Sticky Flame
 11778 | Lair:1   | Reached skill level 11 in Conjurations
 11915 | Lair:1   | Reached skill level 1 in Fire Magic
 13133 | Lair:2   | Reached skill level 5 in Fire Magic
 13207 | Lair:2   | Reached XP level 11. HP: 59/59 MP: 20/27
 13356 | Lair:2   | Noticed a six-headed hydra
 13437 | Lair:2   | Killed a six-headed hydra
 13946 | Lair:2   | Learned a level 5 spell: Venom Bolt
 14183 | Lair:3   | Got a pair of crude gloves
 14256 | Lair:3   | Found a staircase to the Swamp.
 14295 | Lair:3   | Noticed a swamp dragon
 14313 | Lair:3   | Killed a swamp dragon
 15348 | Lair:4   | Noticed a seven-headed hydra
 15766 | Lair:4   | Killed a seven-headed hydra
 15961 | Lair:4   | Noticed a naga warrior
 16070 | Lair:4   | Killed a naga warrior
 16309 | Lair:4   | Noticed Rupert
 16316 | Lair:4   | Killed Rupert
 16316 | Lair:4   | Reached XP level 12. HP: 64/64 MP: 13/29
 16947 | Lair:4   | Found a staircase to the Snake Pit.
 17582 | Lair:5   | Offered knowledge of Fireball by Vehumet.
 17594 | Lair:5   | Learned a level 5 spell: Fireball
 17607 | Lair:5   | HP: 1/64 [you] (25)]
 18349 | Lair:5   | Reached skill level 12 in Conjurations
 19732 | Lair:6   | Reached skill level 13 in Conjurations
 20022 | Lair:6   | Noticed a death yak
 20024 | Lair:6   | Noticed a death yak
 20194 | Lair:6   | Noticed a five-headed hydra
 20199 | Lair:6   | Killed a five-headed hydra
 20602 | Lair:6   | Noticed a death yak
 20610 | Lair:6   | Killed a death yak
 20611 | Lair:6   | Killed a death yak
 20611 | Lair:6   | Reached skill level 14 in Conjurations
 20614 | Lair:6   | Killed a death yak
 20614 | Lair:6   | Reached XP level 13. HP: 69/69 MP: 17/30
 21295 | Lair:7   | Offered knowledge of Ignite Poison by Vehumet.
 21607 | Lair:7   | Reached skill level 15 in Conjurations
 22118 | Lair:7   | Reached skill level 10 in Fire Magic
 22296 | Lair:7   | Found a staircase to the Slime Pits.
 22500 | Lair:8   | Entered Level 8 of the Lair of Beasts
 23239 | Lair:8   | Reached skill level 10 in Spellcasting
 23550 | Lair:8   | Reached skill level 1 in Fighting
 24231 | Lair:8   | Reached skill level 5 in Dodging
 24288 | Lair:8   | Reached skill level 5 in Fighting
 24288 | Lair:8   | Reached XP level 14. HP: 79/81 MP: 16/32
 24739 | Lair:8   | Got a steaming ring mail
 25779 | D:4      | Bought a scroll of identify for 24 gold pieces
 25779 | D:4      | Bought a scroll of identify for 24 gold pieces
 25981 | D:9      | Noticed Blork the orc
 25984 | D:9      | Killed Blork the orc
 26318 | D:9      | Found a shimmering altar of Xom.
 26909 | D:10     | Entered Level 10 of the Dungeon
 27210 | D:10     | Got an ominously black robe
 27488 | D:10     | Found Sowkaeh's Food Shop.
 27912 | D:11     | Noticed 4tharraofdagon's ghost (experienced DjBe)
 27916 | D:11     | Killed 4tharraofdagon's ghost
 27916 | D:11     | Offered knowledge of Lee's Rapid Deconstruction by Vehumet.
 29034 | D:11     | Found a staircase to the Orcish Mines.
 29644 | Orc:1    | Entered Level 1 of the Orcish Mines
 30431 | Orc:1    | Offered knowledge of Poison Arrow by Vehumet.
 30439 | Orc:1    | Learned a level 6 spell: Poison Arrow
 30715 | Orc:2    | Found a burning altar of Makhleb.
 30720 | Orc:2    | Noticed Fannar
 30736 | Orc:2    | Killed Fannar
 30754 | Orc:2    | Identified the cursed +1 pair of gloves of Yshoce {Int+4} (You found it on level 3 of the Lair of Beasts)
 30756 | Orc:2    | Identified the +1 robe "Psighe" {Dex+4} (You found it on level 10 of the Dungeon)
 32084 | Orc:3    | Noticed Josephine
 32087 | Orc:3    | Killed Josephine
 32909 | Orc:4    | Entered Level 4 of the Orcish Mines
 32909 | Orc:4    | Noticed Sonja
 32911 | Orc:4    | Killed Sonja
 32923 | Orc:4    | Found a labyrinth entrance.
 32926 | Orc:4    | Found a staircase to the Elven Halls.
 32931 | Orc:4    | Offered knowledge of Conjure Ball Lightning by Vehumet.
 32943 | Lab      | Entered a labyrinth
 33421 | Lab      | Identified the Papyrus of Orientation (You found it in a labyrinth)
 33433 | Lab      | Identified a scroll of acquirement
 33434 | Lab      | Got an ancient wizard hat
 33438 | Lab      | Identified the +1 wizard hat of the Valley {rPois} (You acquired it in a labyrinth)
 33444 | Lab      | Learned a level 2 spell: Swiftness
 33446 | Lab      | Learned a level 1 spell: Apportation
 33801 | Orc:4    | Found Bacuopso's Assorted Antiques.
 33801 | Orc:4    | Found Teor's Weapon Boutique.
 33801 | Orc:4    | Found Ipoazxai's Distillery.
 33801 | Orc:4    | Found Nyacret's Weapon Emporium.
 34026 | Orc:4    | Reached XP level 15. HP: 78/89 MP: 34/34
 34266 | Orc:4    | Noticed Erica
 34270 | Orc:4    | Killed Erica
 34562 | D:12     | Noticed Grum
 34564 | D:12     | Killed Grum
 34880 | D:12     | Offered knowledge of Bolt of Cold by Vehumet.
 36158 | D:13     | Upgraded the game from 0.13-a0-2942-g3a822f8 to 0.13-a0-2960-g2f00e6d
 36158 | D:13     | Quit the game

Action                   |  1- 3 |  4- 6 |  7- 9 | 10-12 | 13-15 || total
-------------------------+-------+-------+-------+-------+-------++-------
Melee: Unarmed           |     3 |       |       |       |       ||     3
       Flail             |       |       |       |     1 |       ||     1
       Staff             |       |       |       |     7 |    29 ||    36
 Cast: Magic Dart        |    71 |    95 |   137 |   226 |       ||   529
       Mephitic Cloud    |       |     3 |    14 |     5 |       ||    22
       Sting             |       |    90 |   241 |   248 |       ||   579
       Conjure Flame     |       |     1 |    14 |     2 |       ||    17
       Stone Arrow       |       |       |    11 |   219 |   334 ||   564
       Sticky Flame      |       |       |       |    28 |    21 ||    49
       Blink             |       |       |       |     5 |     2 ||     7
       Venom Bolt        |       |       |       |    49 |   204 ||   253
       Repel Missiles    |       |       |       |     5 |     4 ||     9
       Fireball          |       |       |       |     9 |    63 ||    72
       Poison Arrow      |       |       |       |       |     4 ||     4
Evoke: Wand              |     2 |       |       |     3 |     7 ||    12
  Use: Potion            |     3 |       |       |       |       ||     3
       Scroll            |       |       |     7 |    18 |    18 ||    43
